 Dungeon Crawl Stone Soup version 0.23-a0-182-g58cdd98 (webtiles) character file.

42554 namelastname112 the Fighter (level 13, -11/114 HPs)
             Began as a White Draconian Assassin on Sept 20, 2018.
             Was a High Priest of Kikubaaqudgha.
             Killed from afar by a red draconian (14 damage)
             ... with a searing blast
             ... in a volcano.
             The game lasted 00:45:37 (25848 turns).

namelastname112 the Fighter (DrAs)                 Turns: 25848, Time: 00:45:38

Health: -11/114    AC: 12    Str: 18    XL:     13   Next: 86%
Magic:  14/25      EV: 21    Int: 14    God:    Kikubaaqudgha [*****.]
Gold:   833        SH:  7    Dex: 15    Spells: 10/29 levels left

rFire    + . .     SeeInvis .   L - +5 demon blade (elec)
rCold    + + +     Gourm    +   P - +2 buckler {rC+}
rNeg     . . .     Faith    .   (armour unavailable)
rPois    .         Spirit   .   (helmet restricted)
rElec    .         Reflect  .   U - +0 cloak {rC+}
rCorr    .         Harm     .   m - +0 pair of gloves
MR       .....                  B - +1 pair of boots (curse)
Stlth    ++++......             O - amulet of the gourmand
HPRegen  0.29/turn              I - ring of protection from fire
MPRegen  0.19/turn              q - +3 ring of evasion

@: death channel, very slightly contaminated
A: breathe frost, unfitting armour, blurry vision 1, clever 1, cold resistance
1, screaming 1, strong 1, cold-blooded, AC +8
a: Breathe Frost, Receive Corpses, Torment, Renounce Religion


You were in a volcano.
You worshipped Kikubaaqudgha.
Kikubaaqudgha was extremely pleased with you.
You were full.

You visited 3 branches of the dungeon, and saw 18 of its levels.
You also visited: Ice Cave and Volcano.

You collected 1050 gold pieces.
You spent 217 gold pieces at shops.

Inventory:

Hand Weapons
 b - a +0 blowgun
 u - a +1 dagger of electrocution
 G - a +1 dagger of chaos
 L - a +5 demon blade of electrocution (weapon)
Missiles
 d - 35 poisoned needles
 e - 2 curare-tipped needles
 l - 6 throwing nets (quivered)
 Q - 8 needles of sleeping
Armour
 m - a +0 pair of gloves (worn)
 B - a cursed +1 pair of boots (worn)
 P - a +2 buckler of cold resistance (worn)
 U - a +0 cloak of cold resistance (worn)
Jewellery
 q - a +3 ring of evasion (right hand)
 D - an uncursed ring of protection from magic
 I - a ring of protection from fire (left hand)
 M - an uncursed ring of flight
 O - an amulet of the gourmand (around neck)
 V - an uncursed ring of magical power {unknown}
 W - an uncursed ring of ice {unknown}
 X - a cursed -2 ring of evasion
Wands
 a - a wand of digging (40)
 c - a wand of paralysis (8)
 v - a wand of random effects (40)
 A - a wand of acid (4)
 H - a wand of iceblast (11)
 R - a wand of clouds (4)
 S - a wand of scattershot (7)
Scrolls
 i - 11 scrolls of remove curse
 k - a scroll of summoning
 o - 4 scrolls of fog
 p - 4 scrolls of blinking
 r - 4 scrolls of teleportation
 y - 4 scrolls of magic mapping
 C - 5 scrolls of enchant weapon
 E - 4 scrolls of amnesia
 K - 3 scrolls of immolation
 N - 3 scrolls of identify
 T - a scroll of enchant armour
Potions
 g - 4 potions of haste
 h - 2 potions of lignification
 j - 2 potions of might
 n - 2 potions of berserk rage
 s - a potion of curing
 t - 2 potions of agility
 w - 3 potions of ambrosia
 x - 2 potions of resistance
 F - a potion of brilliance
 J - 4 potions of cancellation
Comestibles
 f - 17 rations


   Skills:
 + Level 10.6 Fighting
 - Level 10.5(10.9) Short Blades
 * Level 4.8(8.3) Long Blades
 - Level 1.7 Throwing
 + Level 8.7 Dodging
 - Level 9.5 Stealth
 * Level 4.5 Shields
 + Level 8.5 Spellcasting
 + Level 10.5 Necromancy


You had 10 spell levels left.
You knew the following spells:

 Your Spells              Type           Power        Failure   Level  Hunger
a - Animate Skeleton      Necr           N/A          1%          1    None
b - Animate Dead          Necr           N/A          1%          4    ####...
c - Vampiric Draining     Necr           #####.....   1%          3    ##.....
d - Death Channel         Necr           #####.....   24%         6    #######
e - Dispel Undead         Necr           #####...     4%          5    #####..

Your spell library contained the following spells:

 Spells                   Type           Power        Failure   Level  Hunger
 Pain                     Necr           ####         1%          1    None
 Sublimation of Blood     Necr           #####.....   1%          2    None
 Apportation              Tloc           #.....       12%         1    None
 Beastly Appendage        Tmut           #.....       12%         1    None
 Confusing Touch          Hex            #.....       12%         1    None
 Summon Butterflies       Summ           #.......     12%         1    None
 Summon Small Mammal      Summ           #...         12%         1    None
 Sticks to Snakes         Tmut           #.......     19%         2    None
 Ignite Poison            Fire/Tmut/Pois #.......     36%         3    ##.....
 Lesser Beckoning         Tloc           #.........   36%         3    ##.....
 Spider Form              Tmut/Pois      #.........   36%         3    ##.....
 Tukima's Dance           Hex            #.......     36%         3    ##.....
 Bolt of Draining         Conj/Necr      ###.......   36%         5    #####..
 Excruciating Wounds      Chrm/Necr      ###.......   36%         5    #####..
 Ice Form                 Ice/Tmut       #.......     77%         4    ####...
 Alistair's Intoxication  Tmut/Pois      #.......     98%         5    #####..
 Blade Hands              Tmut           #.........   98%         5    #####..
 Fireball                 Conj/Fire      #.........   98%         5    #####..
 Irradiate                Conj/Tmut      #.........   98%         5    #####..
 Bolt of Fire             Conj/Fire      #.........   100%        6    #######
 Hydra Form               Tmut           #.........   100%        6    #######
 Invisibility             Hex            #.......     100%        6    #######
 Statue Form              Tmut/Erth      #........    100%        6    #######
 Dragon Form              Tmut           #.........   100%        7    #######
 Ring of Flames           Chrm/Fire      #.........   100%        7    #######
 Ignition                 Fire           #.........   100%        8    #######


Dungeon Overview and Level Annotations

Branches:
Dungeon (15/15)            Temple (1/1) D:7            Lair (2/6) D:9
  Swamp (0/4) Lair:2          Orc (0/2) D:11         Vaults (0/5) D:13
 Depths (0/5) D:15
  Snake: Lair:2-4    Spider: Lair:2-4

Altars:
Ashenzari
Cheibriados
Dithmenos
Elyvilon
Fedhas
Gozag
Hepliaklqana
Kikubaaqudgha
Makhleb
Nemelex Xobeh
Okawaru
Qazlal
Ru
Sif Muna
Trog
Uskayaw
Vehumet
Wu Jian
Xom
Yredelemnul
Zin
The Shining One
Beogh

Shops:
D:9 [   D:11 ([*   D:14 (


Innate Abilities, Weirdness & Mutations

You can breathe waves of freezing cold.
You can buffet flying creatures when you breathe cold.
Your icy white scales are hard. (AC +8)
You cannot fit into any form of body armour.
Your flesh is cold resistant. (rC+)
You are cold-blooded and may be slowed by cold attacks.
Scrolls take you a little longer to read.
Your mind is acute. (Int +2)
You occasionally shout uncontrollably at your foes.
Your muscles are strong. (Str +2)


Message History

The iceblast engulfs the salamander.
The salamander is severely wounded.
A red draconian comes into view. It is wielding a flail of flaming.
The salamander closely misses you.
The salamander hits you from afar with a halberd.
* * * LOW HITPOINT WARNING * * *
You are engulfed in flames.
You resist.
* * * LOW HITPOINT WARNING * * *
You take 11 damage, and have 2/114 hp.
Really read with blurry vision while enemies are nearby? [Y]es or [N]o only, please.
Really read with blurry vision while enemies are nearby? [Y]es or [N]o only, please.
Really read with blurry vision while enemies are nearby?
You begin reading the scroll.
You continue reading the scroll.
You block the salamander's attack. x2
The red draconian breathes flames at you.
The searing blast hits you! You resist.
You die...
Kikubaaqudgha rasps: "You have failed me!
Welcome... death!"

§≈§≈≈≈.########+###### §§§§§≈.#
#(# ≈§§§≈§.# #.# ≈§§§≈..# #.#
§≈≈§§≈.# #N# §≈≈§≈≈.######.#N#
§§§≈≈≈.#......#N#
§≈≈≈≈≈.###++###'### ≈≈≈≈≈..#
#...@.# ≈§§§§≈.# #.8_8.# §≈
≈≈≈≈≈≈.# ...'d....N. ≈≈≈≈
≈≈≈≈≈§.################ ≈≈§§≈≈≈
≈§≈≈≈≈..§§§§§.........§ ≈§≈§≈≈≈
§≈≈≈≈§§≈≈§§§§§.≈§≈≈≈≈≈§≈≈≈≈≈≈§≈≈≈
≈≈≈≈§§§≈≈≈§≈§§≈≈§≈≈≈§≈§≈§§§§§§§≈§
≈≈≈§≈≈≈≈≈≈≈..≈≈≈≈§§≈≈≈≈§≈§§§§≈≈§§
§.≈≈≈≈§≈§.§≈≈§§≈≈≈§§≈§≈≈§§§§§≈§§≈


You could see a red draconian and 4 salamanders.

Vanquished Creatures
  Josephine (D:14)
  Harold (D:10)
  2 hydras (D:15)
  A rakshasa (D:13)
  2 centaur warriors (D:15)
  2 two-headed ogres
  A salamander mystic (Volcano)
  6 skeletal warriors
  2 unseen horrors
  An unseen horror (shapeshifter) (D:15)
  A wizard (D:13)
  An orc knight (D:15)
  A necromancer (D:13)
  2 deep elf magi
  2 manticores
  An orc sorcerer (D:15)
  5 ugly things
  A faun (shapeshifter) (D:15)
  3 elephants (Lair:2)
  Maurice (D:9)
  An ice statue (IceCv)
  Joseph (D:7)
  Psyche (D:9)
  A gargoyle (D:10)
  A black mamba (shapeshifter) (D:12)
  The ghost of Rhok the Chopper, a novice DsHu of Okawaru (D:5)
  2 kobold demonologists (D:15)
  9 ice devils (IceCv)
  A troll (shapeshifter) (D:11)
  3 meliai (D:15)
  4 trolls
  A tengu conjurer (D:15)
  Prince Ribbit (D:9)
  2 polar bears (Lair:1)
  3 hornets
  4 slime creatures (D:15)
  5 blink frogs (Lair:1)
  A dream sheep (shapeshifter) (D:15)
  4 hippogriffs
  A centaur simulacrum (D:15)
  2 wyverns
  A vampire (D:12)
  10 yaks
  4 wraiths
  2 fire bats (Volcano)
  A steam dragon (D:14)
  3 hungry ghosts
  4 vampire mosquitoes (Lair:2)
  A soldier ant (D:12)
  2 water moccasins (Lair:1)
  4 porcupines (Lair:1)
  3 sky beasts
  3 black bears
  A hornet zombie (D:14)
  12 orc warriors
  An ice beast (D:8)
  7 ogres
  4 boggarts (D:15)
  15 centaurs
  A crocodile (D:9)
  3 big kobolds
  A wyvern zombie (D:14)
  12 bullfrogs
  2 scorpions
  2 wights (D:11)
  16 killer bees
  2 howler monkeys
  3 electric eels (D:11)
  A centaur zombie (D:6)
  2 bullfrog zombies (D:12)
  5 lava snakes (Volcano)
  7 crimson imps
  10 orc priests
  3 jellies
  2 bullfrog skeletons
  Crazy Yiuf (D:7)
  5 hounds
  4 centaur skeletons
  An iguana (D:5)
  9 orc wizards
  Ijyb (D:3)
  14 worker ants
  A killer bee zombie (D:8)
  2 hound zombies
  2 hound skeletons (D:6)
  A howler monkey zombie (D:5)
  A worker ant zombie (D:3)
  5 gnolls
  17 adders
  An adder (shapeshifter) (D:15)
  5 shadow imps
  11 white imps
  5 ufetubi (IceCv)
  2 adder zombies (D:3)
  4 adder skeletons
  2 worms
  3 dart slugs
  3 leopard geckos
  40 orcs
  5 bats
  6 giant cockroaches
  9 goblins
  6 hobgoblins
  18 jackals
  3 quokkas
  3 ball pythons
  A frilled lizard (D:1)
  A giant cockroach zombie (D:3)
  A jackal skeleton (D:5)
  16 kobolds
  2 leopard gecko skeletons (D:3)
  A leopard gecko zombie (D:9)
  2 quokka skeletons (D:3)
  5 rats
455 creatures vanquished.

Vanquished Creatures (collateral kills)
  2 elephants (Lair:2)
  An ice statue (IceCv)
  A yak (D:11)
  A wyvern (D:15)
  A hungry ghost (D:13)
  An orc warrior (D:15)
  A crocodile (shapeshifter) (D:15)
  A bullfrog (Lair:1)
  A wight (D:11)
  A crimson imp (D:13)
  11 white imps (D:15)
  2 kobolds (D:11)
  2 fungi
  2 plants (Lair:1)
28 creatures vanquished.

Vanquished Creatures (others)
  A reaper (IceCv)
  A yak (D:11)
  A centaur (D:12)
  A centaur skeleton (D:9)
  An adder (D:11)
  2 white imps (IceCv)
  4 ufetubi (IceCv)
11 creatures vanquished.

Grand Total: 494 creatures vanquished

Notes
Turn   | Place    | Note
-------+----------+-------------------------------------------
     0 | D:1      | namelastname112 the Draconian Assassin began the quest for
                  | the Orb.
     0 | D:1      | Reached XP level 1. HP: 17/17 MP: 1/1
    18 | D:1      | Reached skill level 1 in Dodging
    41 | D:1      | Reached XP level 2. HP: 25/25 MP: 2/2
   494 | D:2      | Reached XP level 3. HP: 30/30 MP: 3/3
   654 | D:2      | Reached XP level 4. HP: 37/37 MP: 4/4
  1406 | D:3      | Reached XP level 5. HP: 44/45 MP: 5/5
  1594 | D:3      | Noticed Ijyb
  1649 | D:3      | Killed Ijyb
  2335 | D:4      | Found a glowing golden altar of the Shining One.
  2444 | D:4      | Found a glowing golden altar of the Shining One.
  2444 | D:4      | Noticed an ogre
  2445 | D:4      | Found a white marble altar of Elyvilon.
  2448 | D:4      | Killed an ogre
  2448 | D:4      | Reached XP level 6. HP: 47/52 MP: 6/6
  2563 | D:4      | Reached skill level 5 in Short Blades
  2570 | D:4      | Your scales start taking on an icy white colour.
  2570 | D:4      | Reached XP level 7. HP: 39/59 MP: 7/7
  2570 | D:4      | Gained mutation: Your flesh is cold resistant. (rC+) [White
                  | Draconian growth]
  2962 | D:4      | Reached skill level 5 in Stealth
  3135 | D:5      | Entered Level 5 of the Dungeon
  3382 | D:5      | Found a shimmering altar of Xom.
  3383 | D:5      | Found an ornate altar of the Wu Jian Council.
  3997 | D:5      | Found a transporter.
  3997 | D:5      | Noticed Rhok's ghost (novice DsHu)
  4013 | D:5      | Found a basalt altar of Yredelemnul.
  4048 | D:5      | Found a transporter.
  4051 | D:5      | Reached skill level 5 in Fighting
  4280 | D:5      | Reached XP level 8. HP: 38/68 MP: 8/8
  4477 | D:5      | Killed Rhok's ghost
  5294 | D:6      | Found a sparkling altar of Nemelex Xobeh.
  5835 | D:7      | Reached XP level 9. HP: 75/75 MP: 9/9
  5929 | D:7      | Found a staircase to the Ecumenical Temple.
  5989 | D:7      | Found a runed door.
  6034 | Temple   | Entered the Ecumenical Temple
  6097 | Temple   | Became a worshipper of Kikubaaqudgha
  6262 | D:7      | Noticed Joseph
  6277 | D:7      | Killed Joseph
  6277 | D:7      | Reached skill level 5 in Dodging
  6277 | D:7      | Reached skill level 1 in Spellcasting
  6277 | D:7      | Reached skill level 1 in Necromancy
  6401 | D:7      | Noticed Crazy Yiuf
  6404 | D:7      | Killed Crazy Yiuf
  6623 | D:7      | Gained mutation: You occasionally shout uncontrollably at
                  | your foes. [potion of mutation]
  6623 | D:7      | Gained mutation: Your muscles are strong. (Str +2) [potion
                  | of mutation]
  6623 | D:7      | Gained mutation: Scrolls take you a little longer to read.
                  | [potion of mutation]
  6623 | D:7      | Gained mutation: Your mind is acute. (Int +2) [potion of
                  | mutation]
  7201 | D:8      | Found a white marble altar of Elyvilon.
  7362 | D:8      | Reached * piety under Kikubaaqudgha
  7362 | D:8      | Identified Kikubaaqudgha's Incunabulum of Necromancy
                  | (Kikubaaqudgha gifted it to you on level 8 of the Dungeon)
  7362 | D:8      | Received a gift from Kikubaaqudgha
  7393 | D:8      | Learned a level 1 spell: Animate Skeleton
  7405 | D:8      | Learned a level 3 spell: Vampiric Draining
  8032 | D:8      | Reached XP level 10. HP: 50/84 MP: 15/15
  9137 | D:9      | Reached ** piety under Kikubaaqudgha
  9184 | D:9      | Noticed Psyche
  9187 | D:9      | Killed Psyche
  9205 | D:9      | Found Umerhyer's Antique Armour Shop.
  9221 | D:9      | Bought an embroidered cloak for 217 gold pieces
  9266 | D:9      | Noticed Maurice
  9301 | D:9      | Paralysed by something for 7 turns
  9307 | D:9      | Killed Maurice
  9307 | D:9      | Reached skill level 5 in Necromancy
  9464 | D:9      | Noticed Prince Ribbit
  9477 | D:9      | Killed Prince Ribbit
  9572 | D:9      | Found a staircase to the Lair.
  9820 | D:9      | Reached skill level 5 in Spellcasting
  9880 | D:9      | Found a glowing silver altar of Zin.
  9883 | D:9      | Found a sacrificial altar of Ru.
  9886 | D:9      | Found a hazy altar of Hepliaklqana.
  9970 | Lair:1   | Entered Level 1 of the Lair of Beasts
  9987 | D:10     | Entered Level 10 of the Dungeon
 10140 | D:10     | Found a glowing silver altar of Zin.
 10140 | D:10     | Noticed Harold
 10153 | D:10     | Killed Harold
 10432 | D:10     | Noticed a gargoyle
 10479 | D:10     | Killed a gargoyle
 10479 | D:10     | Reached XP level 11. HP: 26/94 MP: 19/19
 10990 | D:10     | Noticed a two-headed ogre
 11013 | D:10     | Killed a two-headed ogre
 11026 | D:10     | Reached *** piety under Kikubaaqudgha
 11026 | D:10     | Identified Kikubaaqudgha's Handbook of Evil Secrets
                  | (Kikubaaqudgha gifted it to you on level 10 of the Dungeon)
 11026 | D:10     | Received a gift from Kikubaaqudgha
 11038 | D:10     | Learned a level 4 spell: Animate Dead
 11045 | D:10     | Learned a level 6 spell: Death Channel
 11178 | D:11     | Found Fabu's Weapon Boutique.
 11253 | D:11     | Paralysed by fainting for 9 turns
 12208 | D:11     | Found Zool's Armour Shop.
 12360 | D:11     | Found Noerphusch's General Store.
 12574 | D:11     | Noticed a red ugly thing
 12598 | D:11     | Killed a red ugly thing
 12855 | D:11     | Found a roughly hewn altar of Beogh.
 12855 | D:11     | Found a staircase to the Orcish Mines.
 13874 | D:12     | Noticed a two-headed ogre
 14527 | D:11     | Learned a level 5 spell: Dispel Undead
 14936 | D:12     | Noticed a skeletal warrior
 14939 | D:12     | Noticed a skeletal warrior
 15032 | D:12     | Killed a two-headed ogre
 15099 | D:12     | Killed a skeletal warrior
 15298 | D:12     | Killed a skeletal warrior
 15456 | D:12     | Noticed a white ugly thing
 15478 | D:12     | Killed a white ugly thing
 15478 | D:12     | Reached XP level 12. HP: 22/103 MP: 6/22
 16307 | D:13     | Found a gate to the Vaults.
 16893 | D:13     | Reached **** piety under Kikubaaqudgha
 16893 | D:13     | Reached skill level 10 in Short Blades
 17036 | D:13     | Noticed a rakshasa
 17039 | D:13     | Killed a rakshasa
 17702 | D:14     | Noticed Josephine
 17733 | D:14     | Killed Josephine
 17850 | D:14     | Found Jibinex's Antique Weapon Shoppe.
 19286 | D:15     | Entered Level 15 of the Dungeon
 19450 | D:15     | Found a frozen archway.
 19497 | IceCv    | Entered an ice cave
 19664 | IceCv    | Killed a reaper
 21201 | IceCv    | Reached XP level 13. HP: 94/113 MP: 24/24
 21391 | IceCv    | Reached skill level 10 in Fighting
 21783 | D:15     | Reached skill level 10 in Necromancy
 21791 | D:15     | Reached skill level 1 in Long Blades
 22219 | D:15     | Reached skill level 1 in Shields
 23020 | D:15     | Reached ***** piety under Kikubaaqudgha
 23782 | D:15     | Found a staircase to the Depths.
 25309 | Lair:2   | Found a dark tunnel.
 25321 | Lair:2   | Found a staircase to the Swamp.
 25409 | Volcano  | Entered a volcano
 25815 | Volcano  | Found a bloodstained altar of Trog.
 25846 | Volcano  | Noticed a red draconian
 25846 | Volcano  | HP: 2/114 [salamander/halberd (5)]
 25848 | Volcano  | Killed from afar by a red draconian

Vault maps used:
D:1:      lemuel_arrival_room
D:2:      minmay_misc_feat_rows
D:3:      kennysheep_the_goblin_king, serial_undead, serial_undead_f,
          serial_undead_e, serial_undead_a, serial_undead_f
D:4:      gammafunk_temple_overflow_statue, tso_altar
D:5:      lemuel_doored_altar, grunt_temple_overflow_open,
          gammafunk_ghost_arena, first_ration, uniq_ijyb
D:6:      nemelex_spade_bored_becter
D:7:      minmay_temple_entry_nine_rooms, grunt_ogre_cave, uniq_joseph,
          uniq_crazy_yiuf_cottage
D:8:      basic_altar
D:9:      grunt_temple_overflow_diamond, lair_entry_dummy, serial_shops,
          nicolae_shop_statue_plus, uniq_maurice, uniq_prince_ribbit1,
          uniq_psyche
D:10:     basic_altar, library_closet, uniq_harold
D:11:     david_orc_5, serial_shops, shop, shop, nicolae_shop_crystal,
          minmay_misc_feat_pillars, st_stairs_6
D:13:     david_vaults_1
D:14:     minmay_splitting_lines, serial_shops, shop_statue, uniq_josephine
D:15:     gammafunk_enter_depths_forms, portal_ice_cave_entry_imps,
          minmay_misc_feat_four_crosses, minmay_misc_feat_columns
Temple:   zaba_magenta_temple
Lair:1:   serial_forest, infiniplex_forest_clump_diagonal,
          infiniplex_forest_diagonal, infiniplex_forest_clump_curved,
          infiniplex_forest_zigzag_1, gammafunk_lair_bear_cave,
          grunt_megastairs_3
Lair:2:   minmay_swamp_entry_swarm, spider_nest_entry_webs,
          nicolae_volcano_entry_two_sided, serial_bayou_pond_c
IceCv:    ice_cave_small_demon
Volcano:  volcano_lake

Skill      XL: |  1  2  3  4  5  6  7  8  9 10 11 12 13 |
---------------+----------------------------------------+-----
Dodging        | 1 2 3 4 5 6 7 8 |  8.7
Short Blades   | 3 4 5 6 7 8 9 10 | 10.5
Stealth        | 4 5 6 7 8 9 |  9.5
Fighting       | 3 4 5 6 7 8 9 10 | 10.6
Spellcasting   | 3 5 6 7 8 |  8.5
Necromancy     | 3 6 8 9 10 | 10.5
Long Blades    | 4 |  4.8
Shields        | 4 |  4.5
Throwing       | |  1.7

Action                   |  1- 3 |  4- 6 |  7- 9 | 10-12 | 13-15 || total
-------------------------+-------+-------+-------+-------+-------++-------
Melee: Dagger            |    73 |   214 |   423 |  1494 |    70 ||  2274
       Tailslap          |     4 |    27 |    54 |   258 |    75 ||   418
       Demon blade       |       |       |       |       |   253 ||   253
 Cast: Vampiric Draining |       |       |       |    51 |    31 ||    82
       Dispel Undead     |       |       |       |    25 |       ||    25
       Animate Dead      |       |       |       |     8 |     5 ||    13
       Animate Skeleton  |       |       |       |     9 |     8 ||    17
       Death Channel     |       |       |       |       |     3 ||     3
Invok: Receive Corpses   |       |       |       |     2 |       ||     2
 Abil: Breathe Frost     |       |       |     8 |     8 |     1 ||    17
Evoke: Wand              |       |       |       |     2 |     7 ||     9
  Use: Potion            |       |     2 |     2 |     3 |     3 ||    10
       Scroll            |       |       |    16 |    11 |     3 ||    30
 Stab: Sleeping          |     5 |    12 |    13 |    20 |     6 ||    56
       Distracted        |     1 |       |       |     4 |       ||     5
       Paralysed         |       |       |       |     6 |       ||     6
       Confused          |       |       |       |     5 |     1 ||     6
       Petrified         |       |       |       |     1 |       ||     1
       Petrifying        |       |       |       |     3 |       ||     3
  Eat: Chunk             |       |     5 |     7 |    24 |    19 ||    55
       Ration            |       |       |     4 |    12 |     1 ||    17
Armor: Skin              |    23 |    48 |   122 |   313 |    91 ||   597
Dodge: Dodged            |    36 |   161 |   352 |  1002 |   367 ||  1918
Block: Buckler           |       |       |       |       |    50 ||    50
       Rpst.: Demon blade |       |       |       |       |    68 ||    68

Table legend:
 A = Non-vault XP
 B = Vault XP
 C = Vault XP percentage of total XP
 D = Non-vault monster count
 E = Vault monster count
 F = Vault count percentage of total count
                 A         B        C        D         E       F
            +---------+---------+-------+---------+---------+-------
      Total |   42738 |   18054 |  29.7 |     358 |     124 |  25.7
            +---------+---------+-------+---------+---------+-------
        D:1 |      31 |       0 |   0.0 |      17 |       0 |   0.0
        D:2 |     151 |       0 |   0.0 |      21 |       0 |   0.0
        D:3 |      19 |     126 |  86.9 |      12 |      18 |  60.0
        D:4 |     566 |       0 |   0.0 |      15 |       0 |   0.0
        D:5 |     628 |     559 |  47.1 |      17 |       3 |  15.0
        D:6 |     430 |       0 |   0.0 |      18 |       0 |   0.0
        D:7 |    1062 |     608 |  36.4 |      16 |       3 |  15.8
        D:8 |    1618 |       0 |   0.0 |      43 |       0 |   0.0
        D:9 |    2293 |    1218 |  34.7 |      32 |       3 |   8.6
       D:10 |    2360 |    1002 |  29.8 |      22 |       1 |   4.3
       D:11 |    2774 |     977 |  26.0 |      28 |      24 |  46.2
       D:12 |    6612 |       0 |   0.0 |      29 |       0 |   0.0
       D:13 |    3096 |    1716 |  35.7 |      12 |       4 |  25.0
       D:14 |    5532 |    1576 |  22.2 |      21 |       4 |  16.0
       D:15 |   10327 |    3463 |  25.1 |      33 |      23 |  41.1
     Lair:1 |    2952 |     703 |  19.2 |      17 |       3 |  15.0
     Lair:2 |    2287 |     710 |  23.7 |       5 |       4 |  44.4
      IceCv |       0 |    3996 | 100.0 |       0 |      26 | 100.0
    Volcano |       0 |    1400 | 100.0 |       0 |       8 | 100.0
            +---------+---------+-------+---------+---------+-------
